TOP OF THE 1ST |
Buffalo LightSabres batting - Pitching for Butler White Sox : LHP Francisco Rodríguez
|
Pitching: LHP Francisco Rodríguez
|
|
Batting: SHB Jason Mason
|
0-0: Foul Ball, location: 2F 0-1: Foul Ball, location: 2F 0-2: Strikes out swinging
|
Batting: RHB Gabriel Ángel
|
0-0: Ball 1-0: Ball 2-0: Foul Ball, location: 2F 2-1: Swinging Strike 2-2: Ball 3-2: Base on Balls
|
Batting: LHB Garrett King
|
0-0: Called Strike 0-1: Foul Ball, location: 2F 0-2: Ball 1-2: Strikes out swinging
|
Batting: RHB John Warren
|
0-0: Ball 1-0: Fly out, F8 (Flyball, 8RS)
|
Top of the 1st over - 0 run(s), 0 hit(s), 0 error(s), 1 left on base; Buffalo 0 - Butler 0 |
BOTTOM OF THE 1ST |
Butler White Sox batting - Pitching for Buffalo LightSabres : RHP José Castro
|
Pitching: RHP José Castro
|
|
Batting: RHB Jerry Moore
|
0-0: Called Strike 0-1: Swinging Strike 0-2: Foul Ball, location: 2F 0-2: Ball 1-2: Foul Ball, location: 2F 1-2: Ball 2-2: Ball 3-2: Ground out 6-3 (Groundball, 6)
|
Batting: LHB Denny Allen
|
0-0: Ball 1-0: Foul Ball, location: 2F 1-1: Foul Ball, location: 2F 1-2: Ball 2-2: Ball 3-2: Foul Ball, location: 2F 3-2: Foul Ball, location: 2F 3-2: Base on Balls
|
Batting: RHB Luis Ramos
|
0-0: Called Strike 0-1: Ball 1-1: Ball 2-1: Swinging Strike 2-2: Ball 3-2: Grounds into double play, 5-4-3 (Groundball, 56)
|
Bottom of the 1st over - 0 run(s), 0 hit(s), 0 error(s), 0 left on base; Buffalo 0 - Butler 0 |
TOP OF THE 2ND |
Buffalo LightSabres batting - Pitching for Butler White Sox : LHP Francisco Rodríguez
|
Batting: LHB Craig Kenney
|
0-0: SINGLE (Flyball, 8LS)
|
Batting: LHB Leslie Adams
|
0-0: Called Strike 0-1: Ball Wild Pitch! Craig Kenney to second 1-1: Foul Ball, location: 2F 1-2: Foul Ball, location: 2F 1-2: Foul Ball, location: 2F 1-2: Ball 2-2: Strikes out looking
|
Batting: RHB Jorge Castillo
|
0-0: DOUBLE (Line Drive, 78D) Craig Kenney scores
|
Batting: SHB Clifton Hampton
|
0-0: Fly out, F9 (Flyball, 9LM)
|
Batting: LHB Matt Ruskin
|
0-0: Called Strike 0-1: Ball 1-1: Ball 2-1: Ball 3-1: Base on Balls
|
Batting: SHB Jason Mason
|
0-0: Called Strike 0-1: Ball 1-1: Ball 2-1: Foul Ball, location: 2F 2-2: SINGLE (Groundball, 56D) Jorge Castillo to third Matt Ruskin to second Runner from 3rd tries for Home, SAFE, no throw
|
Batting: RHB Gabriel Ángel
|
0-0: Swinging Strike 0-1: Hit by Pitch Matt Ruskin to third Jason Mason to second
|
Batting: LHB Garrett King
|
0-0: Ball 1-0: Foul Ball, location: 2F 1-1: Ball 2-1: Ball 3-1: Called Strike 3-2: Strikes out swinging
|
Top of the 2nd over - 2 run(s), 3 hit(s), 0 error(s), 3 left on base; Buffalo 2 - Butler 0 |
BOTTOM OF THE 2ND |
Butler White Sox batting - Pitching for Buffalo LightSabres : RHP José Castro
|
Batting: RHB Bobby Murdock
|
0-0: Ball 1-0: Ball 2-0: Called Strike 2-1: Ball 3-1: Called Strike 3-2: Foul Ball, location: 2F 3-2: Strikes out looking
|
Batting: LHB Thomas Dixon
|
0-0: Ground out 4-3 (Groundball, 4)
|
Batting: RHB Luis Fuentes
|
0-0: Fly out, F9 (Flyball, 9LSF)
|
Bottom of the 2nd over - 0 run(s), 0 hit(s), 0 error(s), 0 left on base; Buffalo 2 - Butler 0 |
TOP OF THE 3RD |
Buffalo LightSabres batting - Pitching for Butler White Sox : LHP Francisco Rodríguez
|
Batting: RHB John Warren
|
0-0: Called Strike 0-1: Ball 1-1: Swinging Strike 1-2: Ball 2-2: Foul Ball, location: 2F 2-2: Strikes out looking
|
Batting: LHB Craig Kenney
|
0-0: Foul Ball, location: 2F 0-1: Called Strike 0-2: Ball 1-2: Strikes out swinging
|
Batting: LHB Leslie Adams
|
0-0: Ball 1-0: Called Strike 1-1: Ball 2-1: DOUBLE (Line Drive, 8RD)
|
Batting: RHB Jorge Castillo
|
0-0: Called Strike 0-1: Ball 1-1: Ball 2-1: Foul Ball, location: 2F 2-2: Ball 3-2: SINGLE (Groundball, 6D) Leslie Adams to third Leslie Adams scores
|
Batting: SHB Clifton Hampton
|
0-0: Called Strike 0-1: SINGLE (Line Drive, 9LM) Jorge Castillo to second
|
Batting: LHB Matt Ruskin
|
0-0: Ball 1-0: Foul Ball, location: 2F 1-1: Foul Ball, location: 2F 1-2: Strikes out swinging
|
Top of the 3rd over - 1 run(s), 3 hit(s), 0 error(s), 2 left on base; Buffalo 3 - Butler 0 |
BOTTOM OF THE 3RD |
Butler White Sox batting - Pitching for Buffalo LightSabres : RHP José Castro
|
Batting: LHB Jim Knight
|
0-0: SINGLE (Groundball, 4D)
|
Batting: RHB Tom Lang
|
0-0: Ball 1-0: Called Strike 1-1: Ball 2-1: Foul Ball, location: 2F 2-2: Ball 3-2: SINGLE (Groundball, 4D) Jim Knight to second Runner from 2nd tries for 3rd, SAFE, throw made to third
|
Batting: LHB Josh Pérez
|
0-0: Foul Ball, location: 2F 0-1: Ball 1-1: Fly out, F9 (Flyball, 9)
|
Batting: RHB Jerry Moore
|
0-0: Ball 1-0: Swinging Strike 1-1: Fly out, F9 (Flyball, 9S)
|
Batting: LHB Denny Allen
|
0-0: Ball 1-0: SINGLE (Groundball, 34D) Jim Knight scores Tom Lang to second
|
Batting: RHB Luis Ramos
|
0-0: Ball 1-0: Foul Ball, location: 2F 1-1: Ball 2-1: Called Strike 2-2: Foul Ball, location: 2F 2-2: DOUBLE (Line Drive, 8RD) Tom Lang scores Denny Allen to third Runner from 3rd tries for Home, SAFE, no throw
|
Batting: RHB Bobby Murdock
|
0-0: Called Strike 0-1: Swinging Strike 0-2: Ball 1-2: Ball 2-2: Ball 3-2: Base on Balls
|
Batting: LHB Thomas Dixon
|
0-0: Ball 1-0: Ball 2-0: Called Strike 2-1: Foul Ball, location: 2F 2-2: Foul Ball, location: 2F 2-2: Foul Ball, location: 2F 2-2: SINGLE (Line Drive, 34) Luis Ramos to third Bobby Murdock to second Runner from 3rd tries for Home, SAFE, no throw
|
Batting: RHB Luis Fuentes
|
0-0: Foul Ball, location: 2F 0-1: Ball 1-1: Ball 2-1: Called Strike 2-2: Foul Ball, location: 2F 2-2: Foul Ball, location: 2F 2-2: Ball 3-2: Base on Balls Bobby Murdock to third Thomas Dixon to second
|
Batting: LHB Jim Knight
|
0-0: Called Strike 0-1: Ball 1-1: Called Strike 1-2: Foul Ball, location: 2F 1-2: Hit by Pitch Bobby Murdock scores Thomas Dixon to third Luis Fuentes to second
|
Batting: RHB Tom Lang
|
0-0: Foul Ball, location: 2F 0-1: Foul Ball, location: 2F 0-2: Strikes out swinging
|
Bottom of the 3rd over - 5 run(s), 5 hit(s), 0 error(s), 3 left on base; Buffalo 3 - Butler 5 |
TOP OF THE 4TH |
Buffalo LightSabres batting - Pitching for Butler White Sox : LHP Francisco Rodríguez
|
Batting: SHB Jason Mason
|
0-0: Swinging Strike 0-1: Swinging Strike 0-2: Foul Ball, location: 2F 0-2: Ball 1-2: Ground out 4-3 (Groundball, 4)
|
Batting: RHB Gabriel Ángel
|
0-0: Foul Ball, location: 2F 0-1: Swinging Strike 0-2: Ball 1-2: Ball 2-2: Ball 3-2: Foul Ball, location: 2F 3-2: Ground out 6-3 (Groundball, 6)
|
Batting: LHB Garrett King
|
0-0: Called Strike 0-1: Swinging Strike 0-2: Ball 1-2: Fly out, F8 (Flyball, 8LM)
|
Top of the 4th over - 0 run(s), 0 hit(s), 0 error(s), 0 left on base; Buffalo 3 - Butler 5 |
BOTTOM OF THE 4TH |
Butler White Sox batting - Pitching for Buffalo LightSabres : RHP José Castro
|
Batting: LHB Josh Pérez
|
0-0: Called Strike 0-1: Called Strike 0-2: Ball 1-2: Foul Ball, location: 2F 1-2: Ball 2-2: SINGLE (Groundball, 4D)
|
Batting: RHB Jerry Moore
|
0-0: Called Strike 0-1: Ball 1-1: Called Strike 1-2: Ball 2-2: Foul Ball, location: 2F 2-2: Strikes out swinging
|
Batting: LHB Denny Allen
|
0-0: Ball 1-0: Ball 2-0: SINGLE (Groundball, 56D) Josh Pérez to second
|
Pitching: RHP Ben Graham
|
|
Batting: RHB Luis Ramos
|
0-0: Foul Ball, location: 2F 0-1: Swinging Strike 0-2: Foul Ball, location: 2F 0-2: Ball 1-2: Strikes out swinging
|
Batting: RHB Bobby Murdock
|
0-0: Ball 1-0: Called Strike 1-1: Swinging Strike 1-2: Strikes out swinging
|
Bottom of the 4th over - 0 run(s), 2 hit(s), 0 error(s), 2 left on base; Buffalo 3 - Butler 5 |
TOP OF THE 5TH |
Buffalo LightSabres batting - Pitching for Butler White Sox : LHP Francisco Rodríguez
|
Batting: RHB John Warren
|
0-0: Called Strike 0-1: Called Strike 0-2: Strikes out swinging
|
Batting: LHB Craig Kenney
|
0-0: SINGLE (Line Drive, 56D)
|
Batting: LHB Leslie Adams
|
0-0: Ball 1-0: SINGLE (Groundball, 2L) (infield hit) Craig Kenney to second
|
Batting: RHB Jorge Castillo
|
0-0: Called Strike 0-1: Foul Ball, location: 2F 0-2: Ball 1-2: Strikes out swinging
|
Pitching: RHP Bartho Manshert
|
|
Batting: SHB Clifton Hampton
|
0-0: Swinging Strike 0-1: Foul Ball, location: 2F 0-2: Strikes out looking
|
Top of the 5th over - 0 run(s), 2 hit(s), 0 error(s), 2 left on base; Buffalo 3 - Butler 5 |
BOTTOM OF THE 5TH |
Butler White Sox batting - Pitching for Buffalo LightSabres : RHP Ben Graham
|
Batting: LHB Thomas Dixon
|
0-0: Called Strike 0-1: Ball 1-1: Ball 2-1: Fly out, F8 (Flyball, 8RD)
|
Batting: RHB Luis Fuentes
|
0-0: Ball 1-0: Hit by Pitch
|
Batting: LHB Jim Knight
|
0-0: Ball Luis Fuentes steals 2nd base 1-0: Ball 2-0: Foul Ball, location: 2F 2-1: Ground out 5-3 (Groundball, 2L) Luis Fuentes to third
|
Batting: RHB Tom Lang
|
0-0: Ball 1-0: Ball 2-0: Called Strike 2-1: Single, Error in OF, E8, batter to second base Luis Fuentes scores
|
Batting: LHB Josh Pérez
|
0-0: Swinging Strike 0-1: Ball 1-1: Fly out, F3 (Line Drive, 3S)
|
Bottom of the 5th over - 1 run(s), 1 hit(s), 1 error(s), 1 left on base; Buffalo 3 - Butler 6 |
TOP OF THE 6TH |
Buffalo LightSabres batting - Pitching for Butler White Sox : RHP Bartho Manshert
|
Batting: LHB Matt Ruskin
|
0-0: Fly out, F8 (Flyball, 89M)
|
Batting: SHB Jason Mason
|
0-0: Called Strike 0-1: Called Strike 0-2: Ball 1-2: Ball 2-2: Ground out U3 (Groundball, 3)
|
Batting: RHB Gabriel Ángel
|
0-0: Called Strike 0-1: Ball 1-1: Swinging Strike 1-2: Strikes out looking
|
Top of the 6th over - 0 run(s), 0 hit(s), 0 error(s), 0 left on base; Buffalo 3 - Butler 6 |
BOTTOM OF THE 6TH |
Butler White Sox batting - Pitching for Buffalo LightSabres : RHP Ben Graham
|
Batting: RHB Jerry Moore
|
0-0: Foul Ball, location: 2F 0-1: Ball 1-1: Ball 2-1: Foul Ball, location: 2F 2-2: Strikes out swinging
|
Batting: LHB Denny Allen
|
0-0: Ball 1-0: Foul Ball, location: 2F 1-1: Called Strike 1-2: Foul Ball, location: 2F 1-2: Foul Ball, location: 2F 1-2: Ball 2-2: Ground out 1-3 (Groundball, P)
|
Batting: RHB Luis Ramos
|
0-0: Called Strike 0-1: Swinging Strike 0-2: Strikes out looking
|
Bottom of the 6th over - 0 run(s), 0 hit(s), 0 error(s), 0 left on base; Buffalo 3 - Butler 6 |
TOP OF THE 7TH |
Buffalo LightSabres batting - Pitching for Butler White Sox : RHP Bartho Manshert
|
Batting: LHB Garrett King
|
0-0: Ball 1-0: Ball 2-0: Called Strike 2-1: Foul Ball, location: 2F 2-2: Strikes out swinging
|
Batting: RHB John Warren
|
0-0: Ball 1-0: Ball 2-0: Ball 3-0: Called Strike 3-1: Called Strike 3-2: Base on Balls
|
Batting: LHB Craig Kenney
|
0-0: Ball 1-0: Fly out, F8 (Flyball, 8LS)
|
Batting: LHB Leslie Adams
|
0-0: Called Strike 0-1: Foul Ball, location: 2F 0-2: Ball 1-2: Strikes out swinging
|
Top of the 7th over - 0 run(s), 0 hit(s), 0 error(s), 1 left on base; Buffalo 3 - Butler 6 |
BOTTOM OF THE 7TH |
Butler White Sox batting - Pitching for Buffalo LightSabres : RHP Ben Graham
|
Batting: RHB Bobby Murdock
|
0-0: Foul Ball, location: 2F 0-1: Called Strike 0-2: Hit by Pitch
|
Batting: LHB Thomas Dixon
|
0-0: Foul Ball, location: 2F 0-1: Ball 1-1: SINGLE (Groundball, 3S) (infield hit) Bobby Murdock to second
|
Batting: RHB Luis Fuentes
|
0-0: Ball 1-0: Bunted foul 1-1: Sac Bunt - play at third, runner OUT! 1-6 Thomas Dixon to second
|
Pitching: LHP Bobby MacGruder
|
|
Batting: LHB Jim Knight
|
0-0: Called Strike 0-1: Foul Ball, location: 2F 0-2: Hit by Pitch Thomas Dixon to third Luis Fuentes to second
|
Batting: RHB Tom Lang
|
0-0: Ball 1-0: Ball 2-0: Swinging Strike 2-1: Swinging Strike 2-2: Strikes out looking
|
Batting: LHB Josh Pérez
|
0-0: Foul Ball, location: 2F 0-1: Foul Ball, location: 2F 0-2: Strikes out swinging
|
Bottom of the 7th over - 0 run(s), 1 hit(s), 0 error(s), 3 left on base; Buffalo 3 - Butler 6 |
TOP OF THE 8TH |
Buffalo LightSabres batting - Pitching for Butler White Sox : RHP Bartho Manshert
|
Now at C: Mançio Delmage
|
|
Batting: RHB Jorge Castillo
|
0-0: Ball 1-0: Called Strike 1-1: Fly out, F8 (Flyball, 8LM)
|
Batting: SHB Clifton Hampton
|
0-0: Bunt missed! 0-1: Ball 1-1: Foul Ball, location: 2F 1-2: Ball 2-2: Ball 3-2: Ground out 3-1 (Groundball, 34S)
|
Pitching: LHP Luis Torres
|
|
Batting: LHB Matt Ruskin
|
0-0: Called Strike 0-1: Ball 1-1: Called Strike 1-2: Ball 2-2: Ball 3-2: Base on Balls
|
Pitching: RHP Steve Newman
|
|
Batting: SHB Jason Mason
|
0-0: Foul Ball, location: 2F Pickoff Throw to First - Error! E1 Matt Ruskin to second 0-1: SINGLE (Line Drive, 6M) Matt Ruskin to third Runner from 3rd tries for Home, SAFE, no throw
|
Batting: RHB Gabriel Ángel
|
0-0: Ball 1-0: Ball 2-0: Ball 3-0: Base on Balls Jason Mason to second
|
Batting: LHB Garrett King
|
0-0: Foul Ball, location: 2F 0-1: Ball 1-1: Swinging Strike 1-2: Ball 2-2: Foul Ball, location: 2F 2-2: Strikes out swinging
|
Top of the 8th over - 1 run(s), 1 hit(s), 1 error(s), 2 left on base; Buffalo 4 - Butler 6 |
BOTTOM OF THE 8TH |
Butler White Sox batting - Pitching for Buffalo LightSabres : LHP Bobby MacGruder
|
Batting: RHB Jerry Moore
|
0-0: Called Strike 0-1: Swinging Strike 0-2: Strikes out looking
|
Batting: LHB Denny Allen
|
0-0: SINGLE (Flyball, 7S)
|
Batting: RHB Luis Ramos
|
0-0: Swinging Strike 0-1: 2-RUN HOME RUN (Flyball, 7D), Distance : 368 ft
|
Pitching: RHP Pat Jackson
|
|
Batting: RHB Bobby Murdock
|
0-0: Ball 1-0: Ball 2-0: Ball 3-0: Called Strike 3-1: Base on Balls
|
Batting: LHB Thomas Dixon
|
0-0: Called Strike 0-1: Ball 1-1: Ball 2-1: Ball 3-1: Base on Balls Bobby Murdock to second
|
Batting: RHB Luis Fuentes
|
0-0: Foul Ball, location: 2F 0-1: Ground out 5-3 (Groundball, 56S) Bobby Murdock to third Thomas Dixon to second
|
Batting: RHB Mançio Delmage
|
0-0: Ground out 4-3 (Groundball, 4)
|
Bottom of the 8th over - 2 run(s), 2 hit(s), 0 error(s), 2 left on base; Buffalo 4 - Butler 8 |
TOP OF THE 9TH |
Buffalo LightSabres batting - Pitching for Butler White Sox : RHP Steve Newman
|
Batting: RHB John Warren
|
0-0: Ball 1-0: Foul Ball, location: 2F 1-1: Swinging Strike 1-2: Strikes out swinging
|
Batting: LHB Craig Kenney
|
0-0: SOLO HOME RUN (Flyball, 89XD), Distance : 404 ft
|
Batting: LHB Leslie Adams
|
0-0: Called Strike 0-1: Ball 1-1: Foul Ball, location: 2F 1-2: SINGLE (Groundball, 34D)
|
Pitching: RHP Archie Summers
|
|
Batting: RHB Jorge Castillo
|
0-0: Foul Ball, location: 2F 0-1: 2-RUN HOME RUN (Flyball, 7D), Distance : 354 ft
|
Pinch Hitting: SHB Barrett Bowden
|
0-0: Ball 1-0: Foul Ball, location: 2F 1-1: Swinging Strike 1-2: SOLO HOME RUN (Flyball, 9D), Distance : 356 ft
|
Pitching: RHP Carlos Olmedo
|
|
Pinch Hitting: LHB Rob Davidson
|
0-0: Ball 1-0: Called Strike 1-1: Foul Ball, location: 2F 1-2: Ball 2-2: Ball 3-2: Fly out, F9 (Flyball, 9LM)
|
Batting: SHB Jason Mason
|
0-0: Ball 1-0: Called Strike 1-1: Ball 2-1: Ball 3-1: Called Strike 3-2: Foul Ball, location: 2F 3-2: Strikes out swinging
|
Top of the 9th over - 4 run(s), 4 hit(s), 0 error(s), 0 left on base; Buffalo 8 - Butler 8 |
BOTTOM OF THE 9TH |
Butler White Sox batting - Pitching for Buffalo LightSabres : RHP Pat Jackson
|
Now at 2B: Barrett Bowden
|
|
Now at 3B: Abraham Hardy
|
|
Batting: RHB Tom Lang
|
0-0: Ball 1-0: Ball 2-0: Ball 3-0: Called Strike 3-1: Base on Balls
|
Pinch Runner at 1st Júlio Hernández:
|
|
Batting: LHB Josh Pérez
|
0-0: Ball 1-0: Ball Júlio Hernández steals 2nd base 2-0: Intentional Walk
|
Pinch Hitting: LHB Sean Perkins
|
0-0: Called Strike 0-1: Ball 1-1: Ball 2-1: Swinging Strike 2-2: Strikes out swinging
|
Batting: LHB Denny Allen
|
0-0: Fly out, F8 (Flyball, 8RM)
|
Batting: RHB Luis Ramos
|
0-0: Ball 1-0: Ball 2-0: Foul Ball, location: 2F 2-1: Fly out, F8 (Flyball, 8RXD)
|
Bottom of the 9th over - 0 run(s), 0 hit(s), 0 error(s), 2 left on base; Buffalo 8 - Butler 8 |
TOP OF THE 10TH |
Buffalo LightSabres batting - Pitching for Butler White Sox : RHP Carlos Olmedo
|
Now at 2B: Tomás Escobar
|
|
Now at 3B: Júlio Hernández
|
|
Batting: RHB Gabriel Ángel
|
0-0: Called Strike 0-1: Ball 1-1: Swinging Strike 1-2: Strikes out swinging
|
Batting: LHB Garrett King
|
0-0: Called Strike 0-1: Ball 1-1: Swinging Strike 1-2: Ball 2-2: Strikes out swinging
|
Batting: RHB John Warren
|
0-0: Ball 1-0: Ball 2-0: Called Strike 2-1: Ball 3-1: Foul Ball, location: 2F 3-2: Foul Ball, location: 2F 3-2: Foul Ball, location: 2F 3-2: Strikes out looking
|
Top of the 10th over - 0 run(s), 0 hit(s), 0 error(s), 0 left on base; Buffalo 8 - Butler 8 |
BOTTOM OF THE 10TH |
Butler White Sox batting - Pitching for Buffalo LightSabres : RHP Pat Jackson
|
Batting: RHB Bobby Murdock
|
0-0: Called Strike 0-1: Called Strike 0-2: Ground out 6-3 (Groundball, 6)
|
Batting: LHB Thomas Dixon
|
0-0: SOLO HOME RUN (Flyball, 78D), Distance : 383 ft
|
Tuesday, August 8th, 2017 - OOTP Baseball 17.12 Build 75
|
|